 Dungeon Crawl Stone Soup version 0.29.1-15-g9cfb28693d (webtiles) character file.

Game seed: 1869991120393405532

1 leafyfresh the Sneak (level 1, -4/16 HPs)
             Began as an Octopode Delver on Mar 4, 2023.
             Slain by Duvessa
             ... wielding a +0 rapier
              (11 damage)
             ... on level 4 of the Dungeon.
             The game lasted 00:00:10 (127 turns).

leafyfresh the Sneak (Octopode Delver)               Turns: 127, Time: 00:00:10

Health: -4/16      AC:  1    Str: 11    XL:     1   Next: 20%
Magic:  1/1        EV: 13    Int: 12    God:
Gold:   0          SH:  0    Dex: 13    Spells: 0/0 levels left

rFire   . . .      SeeInvis .   a - +0 short sword
rCold   . . .      Faith    .   (no shield)
rNeg    . . .      Spirit   .   (helmet restricted)
rPois   .          Reflect  .   (no amulet)
rElec   .          Harm     .   (no ring)
rCorr   .          Rampage  .   (no ring)
Will    .....                   (no ring)
Stlth   ++++......              (no ring)
HPRegen 0.05/turn               (no ring)
MPRegen 0.07/turn               (no ring)
                                (no ring)
                                (no ring)

@: no status effects
A: almost no armour, amphibious, 8 rings, camouflage 1, gelatinous body 1,
(nimble swimmer 1), tentacles
a: no special abilities


You were on level 4 of the Dungeon.
You visited 1 branch of the dungeon, and saw 2 of its levels.

Inventory:

Hand Weapons
 a - a +0 short sword (weapon)
Wands
 f - a wand of digging (3)
Scrolls
 b - a scroll of fog
 c - a scroll of magic mapping
 d - a scroll of fear
Potions
 e - a potion of haste


   Skills:
 + Level 3.0 Fighting
 - Level 2.0 Short Blades
 + Level 2.0 Dodging
 + Level 6.6 Stealth


You couldn't memorise any spells.
You didn't know any spells.
Your spell library was empty.

Dungeon Overview and Level Annotations

Branches:
Dungeon (5/15)
 Temple: D:4-7

Altars:

Annotations:
D:4 Dowan, Duvessa


Innate Abilities, Weirdness & Mutations

You cannot wear most types of armour.
You are amphibious.
You can wear up to eight rings at the same time.
Your skin changes colour to match your surroundings (Stealth+).
Your rubbery body absorbs attacks. (AC +1, EV +1)
((You are camouflaged when in or above water. (Stealth+)))
You have tentacles for arms and can constrict up to eight enemies at once.


Message History

Welcome, leafyfresh the Octopode Delver.
The heart of this dungeon contains the legendary artefact, the Orb of Zot.
Press ? for a list of commands and other information.
Found a stone staircase leading down.
You open the door.
There is an open door here.
Found an escape hatch in the ceiling.
No target in view!
A water moccasin comes into view.
A water moccasin is nearby!
There is an escape hatch in the ceiling here.
A mysterious force pulls you upwards. The hatch slams shut behind you.
A hobgoblin is nearby!
The hobgoblin hits you.
A hobgoblin is nearby!
You hit the hobgoblin. You grab the hobgoblin. You squeeze the hobgoblin.
You kill the hobgoblin!
No target in view!
HP restored.
Found a chain mail.
No target in view!
Duvessa, Sister of Dowan comes into view.
She is wielding a +0 rapier.
You see here a +0 chain mail.
Dowan, Brother of Duvessa comes into view.
He is wielding a +0 dagger.
There are monsters nearby!
Duvessa shouts!
Dowan shouts!
Duvessa gestures with her weapon.
Duvessa hits you with a +0 rapier!
Ouch! That really hurt!
There are monsters nearby!
You are too injured to fight recklessly!
Unknown command.
You barely miss Duvessa. Your grab misses Duvessa.
Duvessa completely misses you.
You hit Duvessa. You grab Duvessa. You squeeze Duvessa.
Duvessa is lightly wounded.
You constrict Duvessa, but do no damage.
Duvessa hits you with a +0 rapier!
Ouch! That really hurt!
You die...

#.###### #..ee@.#
.######.###
....!...[.#
#######.#.# #.#.#
#.#.# #.#.# #.#.#
#################.#.#


You could see Duvessa and Dowan.

Vanquished Creatures
  A hobgoblin (D:4)
1 creature vanquished.

Notes
Turn   | Place    | Note
-------+----------+-------------------------------------------
     0 | D:5      | leafyfresh the Octopode Delver began the quest for the Orb.
     0 | D:5      | Reached XP level 1. HP: 16/16 MP: 1/1
    13 | D:5      | Noticed a water moccasin
   123 | D:4      | Noticed Duvessa
   124 | D:4      | Noticed Dowan
   127 | D:4      | Slain by Duvessa

Illustrated notes

Levels and vault maps discovered:
D:4:      layout_basic, uniq_duvessa
D:5:      layout_basic, good_gods_temple_1, enter_ossuary_4

Action                   || total
-------------------------++-------
Melee: Short sword       ||     3
       Constrict         ||     2
       Tentacles         ||     2
Dodge: Dodged            ||     1
